 Dungeon Crawl Stone Soup version 0.26-a0-215-g1b87330c0f (webtiles) character file.

Game seed: 8907907085035283082

1474 Ijustatesigmund the Chopper (level 8, -3/58 HPs)
             Began as an Octopode Gladiator on July 6, 2020.
             Slain by a hippogriff (9 damage)
             ... on level 7 of the Dungeon.
             The game lasted 00:08:33 (6872 turns).

Ijustatesigmund the Chopper (Octopode Gladiator)    Turns: 6872, Time: 00:08:34

Health: -3/58      AC:  1    Str: 14    XL:     8   Next: 78%
Magic:  8/8        EV: 16    Int: 18    God:
Gold:   287        SH:  0    Dex: 14    Spells: 7/7 levels left

rFire    . . .     SeeInvis .   n - +5 glaive of the Other Side {venom, rF- MR- Int+7}
rCold    . . .     Faith    .   (shield currently unavailable)
rNeg     + . .     Spirit   .   b - +0 hat
rPois    .         Reflect  .   (no amulet)
rElec    .         Harm     .   m - ring of positive energy
rCorr    .                      o - ring of protection from fire
MR       .....                  (no ring)
Stlth    ++........             (no ring)
HPRegen  0.19/turn              (no ring)
MPRegen  0.11/turn              (no ring)
                                (no ring)
                                (no ring)

@: no status effects
A: almost no armour, stealthy swim, amphibious, 8 rings, constrict 8, camouflage
1, gelatinous body 1
a: no special abilities


You were on level 7 of the Dungeon.
You were not hungry.

You visited 1 branch of the dungeon, and saw 7 of its levels.

You collected 287 gold pieces.

Inventory:

Hand Weapons
 a - a +0 war axe
 n - the +5 glaive of the Other Side (weapon) {venom, rF- MR- Int+7}
   (You found it on level 4 of the Dungeon)

   It poisons the flesh of those it strikes.
   It affects your intelligence (+7).
   It makes you vulnerable to fire.
   It affects your resistance to hostile enchantments.
Missiles
 c - 2 throwing nets (quivered)
 f - 60 poisoned darts
Armour
 b - a +0 hat (worn)
Jewellery
 m - a ring of positive energy (left tentacle)
 o - a ring of protection from fire (right tentacle)
 q - an uncursed amulet of reflection
Wands
 k - a wand of paralysis (6)
 s - a wand of acid (8)
 t - a wand of flame (16)
Scrolls
 r - a scroll of teleportation
 v - a scroll of remove curse
 w - a scroll of identify
Potions
 d - 4 potions of heal wounds
 e - a potion of curing
 g - a potion of invisibility {unknown}
 h - a potion of mutation {unknown}
 i - a potion of stabbing {unknown}
 j - a potion of lignification {unknown}
 p - a potion of haste {unknown}
 u - a potion of might
Comestibles
 l - 5 rations


   Skills:
 + Level 6.7 Fighting
 + Level 7.0 Axes
 - Level 2.0 Throwing
 + Level 6.2 Dodging


You had 7 spell levels left.
You didn't know any spells.
Your spell library contained the following spells:

 Spells                   Type           Power        Failure   Level
 Recall                   Summ/Tloc      N/A          54%         3
 Aura of Abjuration       Summ           #.........   99%         5
 Summon Demon             Summ           #.........   99%         5
 Summon Forest            Summ/Tloc      #.........   99%         5
 Summon Mana Viper        Hex/Summ       #.......     99%         5
 Shadow Creatures         Summ           N/A          100%        6


Dungeon Overview and Level Annotations

Branches:
Dungeon (7/15)
 Temple: D:4-7

Altars:
Cheibriados
Gozag
Ru


Innate Abilities, Weirdness & Mutations

You cannot wear most types of armour.
You are very stealthy in the water. (Stealth+)
You are amphibious.
You can wear up to eight rings at the same time.
You can use your tentacles to constrict eight enemies at once.
Your skin changes colour to match your surroundings (Stealth+).
Your rubbery body absorbs attacks. (AC +1, EV +1)


Message History

The hippogriff completely misses you.
You closely miss the hippogriff.
The hippogriff is lightly wounded.
The hippogriff bites you! The hippogriff pecks you!
The hippogriff closely misses you.
You are too injured to fight recklessly!
You are too injured to fight recklessly!
You are too injured to fight recklessly!
You slice the hippogriff!!
The hippogriff looks as sick as possible!
You squeeze the hippogriff.
The hippogriff is severely wounded.
The hippogriff bites you!
* * * LOW HITPOINT WARNING * * *
The hippogriff pecks you.
* * * LOW HITPOINT WARNING * * *
The hippogriff claws you.
* * * LOW HITPOINT WARNING * * *
The hippogriff closely misses you. The hippogriff pecks you!
You die...

#.# ########
..###......#
.#.#.#.....#.#
............#.# #
.#.#.#.....#.# #. ...
##......#
#.##.####.#..### #
#.....##.###.####.###
#.#...#@## ##........
#......H.###.........
#..<......#.......###
#.......##.########
#.....###### #.#...#
#.##### .. ##


You could see a hippogriff (extremely poisoned).

Vanquished Creatures
  A sky beast (D:5)
  An ice beast (D:6)
  An ogre (D:4)
  A necrophage (D:6)
  6 centaurs
  A bullfrog (D:6)
  A scorpion (D:6)
  An orc priest (D:5)
  2 orc wizards (D:5)
  2 hounds
  3 iguanas
  2 worker ants (D:5)
  A hound skeleton (D:6)
  11 adders
  4 oozes
  An adder skeleton (D:4)
  7 worms
  6 leopard geckos
  8 orcs
  8 bats
  4 giant cockroaches
  8 goblins
  4 hobgoblins
  15 jackals
  9 kobolds
  A quokka (D:4)
  4 frilled lizards
  A leopard gecko skeleton (D:4)
  11 rats
125 creatures vanquished.

Notes
Turn   | Place    | Note
-------+----------+-------------------------------------------
     0 | D:1      | Ijustatesigmund the Octopode Gladiator began the quest for
                  | the Orb.
     0 | D:1      | Reached XP level 1. HP: 14/14 MP: 1/1
   192 | D:1      | Reached XP level 2. HP: 18/20 MP: 2/2
   729 | D:1      | Reached XP level 3. HP: 23/25 MP: 3/3
  1000 | D:2      | Reached skill level 4 in Axes
  1000 | D:2      | Reached XP level 4. HP: 10/31 MP: 4/4
  1919 | D:2      | Reached XP level 5. HP: 16/37 MP: 5/5
  2203 | D:2      | Found a faded altar of an unknown god.
  2904 | D:4      | Found an opulent altar of Gozag.
  3394 | D:4      | Reached XP level 6. HP: 43/43 MP: 6/6
  3576 | D:4      | Reached skill level 5 in Axes
  3907 | D:4      | Got a twisted glaive
  3910 | D:4      | Identified the +5 glaive of the Other Side {venom, rF- MR-
                  | Int+7} (You found it on level 4 of the Dungeon)
  4205 | D:5      | Entered Level 5 of the Dungeon
  4270 | D:5      | Noticed a sky beast
  4280 | D:5      | Killed a sky beast
  4280 | D:5      | Reached XP level 7. HP: 23/49 MP: 7/7
  4491 | D:5      | Found a sacrificial altar of Ru.
  4524 | D:5      | Reached skill level 5 in Fighting
  4657 | D:5      | Found a snail-covered altar of Cheibriados.
  5187 | D:5      | Reached skill level 6 in Axes
  5187 | D:5      | Reached skill level 5 in Dodging
  5334 | D:6      | Reached XP level 8. HP: 17/57 MP: 8/8
  6718 | D:6      | Reached skill level 7 in Axes
  6866 | D:7      | Noticed a hippogriff
  6872 | D:7      | Slain by a hippogriff

Illustrated notes

Levels and vault maps discovered:
D:1:      grunt_arrival_lava_bath, layout_basic
D:2:      layout_basic, chequers_ecumenical_altar_grove
D:3:      layout_basic, nrook_mini_backslash
D:4:      layout_layer_cave, grunt_gozag_statues, kennysheep_decorative_pillar,
          hangedman_abyss_or_decor_lesser_grid, chequers_serial_rivers_small_3,
          minivault_5
D:5:      layout_loops_ring, lemuel_doored_altar,
          nicolae_ru_great_annihilating_truth, first_ration, dk_vineyard_3
D:6:      layout_basic
D:7:      layout_loops_ring, nicolae_overflow_hidden_temple, zin_statuary,
          minmay_temple_entry_overgrown

Skill      XL: |  1  2  3  4  5  6  7  8 |
---------------+-------------------------+-----
Fighting       | 3 4 5 6 |  6.7
Axes           | 4 5 6 7 |  7.0
Dodging        | 4 5 6 |  6.2
Throwing       | |  2.0

Action                   |  1- 3 |  4- 6 |  7- 9 || total
-------------------------+-------+-------+-------++-------
Melee: War axe           |    58 |   102 |       ||   160
       Constrict         |    17 |    23 |    14 ||    54
       Tentacles         |    13 |    23 |    15 ||    51
       Glaive            |       |     7 |    79 ||    86
Throw: Dart              |     4 |    40 |       ||    44
       Throwing net      |       |     2 |     3 ||     5
Evoke: Wand              |       |       |     1 ||     1
  Use: Scroll            |     1 |     4 |     2 ||     7
       Potion            |     1 |       |       ||     1
 Stab: Sleeping          |     5 |     5 |     7 ||    17
       Held in net/web   |       |     1 |     1 ||     2
       Distracted        |       |       |     2 ||     2
       Paralysed         |       |       |     1 ||     1
  Eat: Ration            |       |     3 |     3 ||     6
Armor: Skin              |     3 |     8 |     4 ||    15
Dodge: Dodged            |    38 |    86 |    76 ||   200

Table legend:
 A = Non-vault XP
 B = Vault XP
 C = Vault XP percentage of total XP
 D = Non-vault monster count
 E = Vault monster count
 F = Vault count percentage of total count
                 A         B        C        D         E       F
            +---------+---------+-------+---------+---------+-------
      Total |    2061 |      46 |   2.2 |     121 |       4 |   3.2
            +---------+---------+-------+---------+---------+-------
        D:1 |      39 |       0 |   0.0 |      24 |       0 |   0.0
        D:2 |     128 |       0 |   0.0 |      35 |       0 |   0.0
        D:3 |      39 |       0 |   0.0 |      10 |       0 |   0.0
        D:4 |     265 |       0 |   0.0 |      16 |       0 |   0.0
        D:5 |     620 |      46 |   6.9 |      19 |       4 |  17.4
        D:6 |     970 |       0 |   0.0 |      17 |       0 |   0.0
            +---------+---------+-------+---------+---------+-------
